 Dungeon Crawl Stone Soup version 0.29.1-2-gbd0b4ee654 (webtiles) character file.

Game seed: 12253244172704586245

261 safid the Shooter (level 5, 0/49 HPs)
             Began as a Minotaur Hunter on Oct 24, 2022.
             Slain by a gnoll
             ... wielding a +0 whip
              (7 damage)
             ... on level 3 of the Dungeon.
             The game lasted 00:02:37 (2362 turns).

safid the Shooter (Minotaur Hunter)                 Turns: 2362, Time: 00:02:38

Health: 0/49       AC:  3    Str: 16    XL:     5   Next: 96%
Magic:  4/4        EV: 12    Int:  6    God:
Gold:   139        SH:  0    Dex: 15    Spells: 4/4 levels left

rFire   . . .      SeeInvis .   a - +0 shortbow
rCold   . . .      Faith    .   (shield currently unavailable)
rNeg    . . .      Spirit   .   c - +0 leather armour
rPois   .          Reflect  .   (helmet restricted)
rElec   .          Harm     .   (no cloak)
rCorr   .          Rampage  .   (no gloves)
Will    .....                   (no boots)
Stlth   +.........              (no amulet)
HPRegen 0.16/turn               (no ring)
MPRegen 0.09/turn               (no ring)

@: studying Invocations
A: horns 2, retaliatory headbutt
a: no special abilities


You were on level 3 of the Dungeon.
You visited 1 branch of the dungeon, and saw 3 of its levels.

You collected 139 gold pieces.

Inventory:

Hand Weapons
 a - a +0 shortbow (weapon)
Armour
 c - a +0 leather armour (worn)
Scrolls
 b - a scroll of immolation
 e - 3 scrolls of amnesia {unknown}
 f - 2 scrolls of blinking {unknown}
 g - a scroll of fear {unknown}
 i - a scroll of magic mapping {unknown}
 k - 2 scrolls of identify {unknown}
 l - a scroll of enchant armour {unknown}
Potions
 d - 3 potions of mutation {unknown}
 h - a potion of lignification {unknown}
 j - 2 potions of curing {unknown}
 m - a potion of heal wounds {unknown}


   Skills:
 + Level 5.6 Fighting
 + Level 6.4 Ranged Weapons
 - Level 2.1 Dodging
 - Level 0.7 Stealth


You had 4 spell levels left.
You didn't know any spells.
Your spell library contained the following spells:

 Spells                   Type           Power      Damage    Failure   Level
 Gell's Gravitas          Tloc           0%         N/A       88%         3
 Lesser Beckoning         Tloc           0%         N/A       88%         3
 Teleport Other           Tloc           0%         N/A       88%         3


Dungeon Overview and Level Annotations

Branches:
Dungeon (3/15)

Altars:


Innate Abilities, Weirdness & Mutations

You have a pair of horns on your head.
You reflexively headbutt those who attack you in melee.


Message History

A gnoll comes into view. It is wielding a +0 halberd.
You shoot an arrow. The arrow hits the gnoll.
You kill the gnoll!
The gnoll barely misses you.
You shoot an arrow. The arrow hits the gnoll.
The gnoll is moderately wounded.
The gnoll hits you with a +0 whip.
The gnoll hits you from afar with a +0 halberd.
You shoot an arrow. The arrow hits the gnoll.
The gnoll is heavily wounded.
The gnoll completely misses you.
The gnoll hits you from afar with a +0 halberd.
You shoot an arrow. The arrow hits the gnoll.
The gnoll is heavily wounded.
The gnoll closely misses you.
The gnoll hits you from afar with a +0 halberd!
You are too injured to fight recklessly!
You are too injured to fight recklessly!
You are too injured to fight recklessly!
You are too injured to fight recklessly!
Fire: a) +0 shortbow
Press: ? - help, Q - select action Shift-Dir - straight line, f/p - gnoll
Aim: a gnoll, wielding a +0 whip (heavily wounded, 68% to hit)
You shoot an arrow. The arrow hits the gnoll.
The gnoll is severely wounded.
The gnoll misses you.
The gnoll hits you from afar with a +0 halberd!
* * * LOW HITPOINT WARNING * * *
Fire: a) +0 shortbow
Press: ? - help, Q - select action Shift-Dir - straight line, f/p - gnoll
Aim: a gnoll, wielding a +0 whip (severely wounded, 68% to hit)
You shoot an arrow.
The arrow hits the gnoll but does no damage.
The gnoll is severely wounded.
The gnoll hits you with a +0 whip.
* * * LOW HITPOINT WARNING * * *
The gnoll hits you from afar with a +0 halberd.
* * * LOW HITPOINT WARNING * * *
The gnoll misses you. The gnoll hits you with a +0 whip!
You die...

..........
........#
..........
........#
#.########
........#
.....#
......
#.##.#
....
#.##.# ...
#.##.# #g#
#.##.#
######.#
#.##.#
#....g@#
...#.#
#.######
## #.###
#.# #...#
#.#
###.####.#
#......#
########


You could see 2 gnolls.

Vanquished Creatures
  Sigmund (D:2)
  Jessica (D:2)
  A gnoll (D:3)
  A worm (D:2)
  2 dart slugs
  4 orcs (D:3)
  6 endoplasms
  3 giant cockroaches
  6 hobgoblins
  2 quokkas (D:2)
  5 ball pythons
  3 bats
  3 frilled lizards
  6 goblins
  7 kobolds
  4 rats (D:2)
55 creatures vanquished.

Notes
Turn   | Place    | Note
-------+----------+-------------------------------------------
     0 | D:1      | safid the Minotaur Hunter began the quest for the Orb.
     0 | D:1      | Reached XP level 1. HP: 18/18 MP: 0/0
   333 | D:1      | Reached XP level 2. HP: 26/26 MP: 1/1
  1071 | D:2      | Reached XP level 3. HP: 31/31 MP: 2/2
  1090 | D:2      | Noticed Jessica
  1097 | D:2      | Killed Jessica
  1098 | D:2      | Reached skill level 5 in Ranged Weapons
  1116 | D:2      | Reached XP level 4. HP: 31/40 MP: 3/3
  1204 | D:2      | Noticed Sigmund
  1440 | D:2      | Killed Sigmund
  1441 | D:2      | Reached skill level 5 in Fighting
  1441 | D:2      | Reached skill level 6 in Ranged Weapons
  1441 | D:2      | Reached XP level 5. HP: 26/48 MP: 4/4
  2362 | D:3      | Slain by a gnoll

Illustrated notes

Levels and vault maps discovered:
D:1:      spicycebolla_green_bress_n_ham_2, layout_loops_cross,
          kennysheep_crisscross
D:2:      layout_loops_ring, minmay_heptomino_w4, uniq_jessica, uniq_sigmund
D:3:      layout_basic

Skill      XL: |  1  2  3  4 |
---------------+-------------+-----
Fighting       | 3 4 5 |  5.6
Ranged Weapons | 5 6 |  6.4
Dodging        | |  2.1
Stealth        | |  0.7

Action                   |  1- 3 |  4- 6 || total
-------------------------+-------+-------++-------
 Fire: Shortbow          |    79 |    57 ||   136
Armor: Leather armour    |     8 |     3 ||    11
Dodge: Dodged            |    14 |    16 ||    30
